AoeStats
← [AirBo]一大包

Arena

507502319Analyzed
4v4 RM · 12d ago on Sep 18, 2026· 51m 44s· 8 players
Game mode
Random Map
Map size
Large (8 player)
Population
200
Speed
Normal
Resources
Standard
Victory
Conquest
Starting age
Dark Age
Ending age
Imperial Age
RankedLock teamsTeams togetherTeam positionsShared explorationLock speedFull tech treeHidden civsTurbo modeCheats
Victory
Defeat
🇹🇼 Gurjaras · Taiwan
1631
+15
🇹🇼 Slavs · Taiwan
1613
+16
🇹🇼 Vietnamese · Taiwan
1582
+18
🇹🇼 Huns · Taiwan
1550
+19
🇮🇹 Chinese · Italy
1716
-21
🇨🇳 Portuguese · China
1653
-19
🇦🇷 Inca · Argentina
1593
-16
🇮🇹 Armenians · Italy
1505
-12
Dott_Berlu
10:45 Feudal Age
14:33 Castle Age
13:11 Double-Bit Axe
13:13 Horse Collar
15:31 Bow Saw
15:22 Heavy Plow
18:55 Wheelbarrow
20:26 Loom
21:02 Fortified Wall
23:34 Gold Mining
24:57 Fletching
26:17 Ballistics
25:54 Bodkin Arrow
26:21 Padded Archer Armor
31:03 Imperial Age
30:07 Leather Archer Armor
30:10 Hand Cart
29:40 Town Watch
30:56 Gold Shaft Mining
30:12 Stone Mining
31:48 Bracer
32:18 Ring Archer Armor
32:51 Chemistry
32:01 Masonry
32:05 Thumb Ring
33:08 Two-Man Saw
32:25 Elite Chu Ko Nu
33:26 Capped Ram
34:31 Siege Ram
35:58 Conscription
35:46 Pikeman
36:26 Squires
36:28 Scale Mail Armor
36:38 Forging
36:12 Heavy Rocket Cart
37:27 Halberdier
40:09 Rocketry
42:57 Scale Barding Armor
43:07 Chain Mail Armor
43:28 Iron Casting
45:30 Plate Mail Armor
45:15 Bloodlines
45:05 Husbandry
44:26 Light Cavalry
48:22 Chain Barding Armor
49:03 Blast Furnace
Melo
10:03 Feudal Age
14:12 Castle Age
12:57 Double-Bit Axe
13:22 Horse Collar
15:09 Bow Saw
20:08 Loom
21:19 Heavy Plow
23:34 Wheelbarrow
22:45 Loom
25:51 Hand Cart
26:03 Gold Mining
26:03 Stone Mining
30:49 Imperial Age
28:16 Man-at-Arms
28:56 Squires
28:54 Gambesons
29:11 Scale Mail Armor
28:56 Long Swordsman
29:59 Two-Handed Swordsman
31:02 Chain Mail Armor
30:58 Forging
30:57 Arson
31:36 Fortified Wall
31:14 Champion
投掷哥布林
11:02 Feudal Age
14:36 Castle Age
12:41 Double-Bit Axe
13:22 Horse Collar
15:51 Bow Saw
21:48 Wheelbarrow
22:59 Heavy Plow
24:21 Loom
24:52 Hand Cart
24:28 Stone Mining
24:35 Gold Mining
24:57 Town Watch
29:07 Imperial Age
30:15 Stone Shaft Mining
30:30 Scale Mail Armor
30:40 Forging
30:59 Conscription
30:05 Elite Organ Gun
30:51 Pikeman
32:25 Chain Mail Armor
32:02 Halberdier
35:38 Plate Mail Armor
35:43 Iron Casting
36:44 Chemistry
37:36 Fortified Wall
39:35 Arquebus
43:09 Blast Furnace
42:00 Fletching
42:45 Circumnavigation
knight_0701
10:41 Feudal Age
15:00 Castle Age
13:12 Horse Collar
13:33 Double-Bit Axe
16:32 Champi Runner
20:31 Loom
23:06 Squires
24:42 Heavy Plow
24:54 Bow Saw
27:08 Champi Warrior
27:51 Scale Mail Armor
30:51 Imperial Age
28:58 Wheelbarrow
28:18 Gold Mining
28:51 Arson
30:02 Chain Mail Armor
29:57 Forging
30:16 Pikeman
31:55 Conscription
31:38 Fabric Shields
31:01 Elite Champi Warrior
32:12 Plate Mail Armor
32:18 Iron Casting
33:08 Crop Rotation
35:39 Blast Furnace
34:50 Halberdier
39:50 Masonry
43:39 Chemistry
42:45 Siege Engineers
甜心包
6:48 Loom
9:28 Feudal Age
13:16 Castle Age
11:51 Double-Bit Axe
18:28 Redemption
18:40 Gold Mining
20:14 Sanctity
23:37 Town Watch
29:56 Wheelbarrow
38:45 Imperial Age
36:32 Hand Cart
36:15 Horse Collar
36:47 Bow Saw
36:44 Scale Barding Armor
36:49 Forging
38:14 Forging
38:24 Chain Barding Armor
38:56 Heavy Plow
39:34 Gold Shaft Mining
38:50 Stone Mining
39:52 Kshatriyas
40:07 Conscription
40:26 Iron Casting
39:29 Siege Elephant
40:51 Plate Barding Armor
40:47 Husbandry
40:57 Bloodlines
40:32 Elite Shrivamsha Rider
41:11 Fletching
41:30 Caravan
42:35 Stone Shaft Mining
43:06 Bodkin Arrow
46:51 Coinage
48:25 Banking
47:58 Town Patrol
47:58 Bracer
[AirBo]一大包
11:04 Feudal Age
12:03 Double-Bit Axe
14:40 Castle Age
12:45 Horse Collar
16:07 Bow Saw
19:03 Heavy Plow
20:08 Gold Mining
21:14 Wheelbarrow
26:33 Imperial Age
24:04 Stone Mining
24:55 Scale Barding Armor
25:00 Forging
24:51 Scale Mail Armor
25:33 Hand Cart
25:05 Loom
26:33 Iron Casting
25:26 Pikeman
26:08 Squires
26:52 Chain Mail Armor
26:48 Halberdier
27:58 Chain Mail Armor
27:06 Capped Ram
29:45 Plate Mail Armor
30:16 Blast Furnace
29:49 Heavy Scorpion
30:30 Siege Ram
31:11 Man-at-Arms
32:30 Long Swordsman
34:45 Fletching
34:17 Two-Handed Swordsman
35:16 Town Watch
36:13 Druzhina
36:48 Bodkin Arrow
37:01 Detinets
37:48 Ballistics
38:28 Chemistry
37:34 Siege Engineers
38:43 Conscription
39:00 Hoardings
39:01 Town Patrol
40:38 Champion
40:53 Onager
42:23 Siege Onager
44:07 Caravan
44:37 Coinage
[AirBo]出氣包
11:12 Feudal Age
14:47 Castle Age
12:37 Horse Collar
13:07 Double-Bit Axe
15:56 Bow Saw
20:58 Wheelbarrow
23:30 Gold Mining
27:48 Imperial Age
25:04 Treadmill Crane
26:04 Heavy Plow
26:35 Ballistics
26:06 Fletching
26:18 Loom
26:58 Bodkin Arrow
26:36 Crossbowman
27:45 Padded Archer Armor
29:31 Chemistry
28:42 Bracer
29:09 Thumb Ring
30:17 Leather Archer Armor
31:20 Hand Cart
30:50 Town Watch
30:40 Arbalester
32:41 Ring Archer Armor
32:35 Siege Engineers
35:26 Murder Holes
38:30 Paper Money
38:53 Fortified Wall
39:25 Arrowslits
39:30 Guard Tower
39:41 Town Watch
41:40 Keep
49:30 Scale Barding Armor
49:37 Scale Mail Armor
49:47 Forging
肉肉小狗
10:49 Feudal Age
14:50 Castle Age
12:50 Horse Collar
13:21 Double-Bit Axe
15:59 Bow Saw
15:49 Heavy Plow
21:03 Wheelbarrow
21:27 Gold Mining
22:53 Loom
23:25 Hand Cart
24:07 Gold Shaft Mining
25:32 Stone Mining
28:45 Imperial Age
26:23 Scale Barding Armor
26:29 Forging
26:14 Loom
27:32 Chain Barding Armor
28:19 Bloodlines
28:09 Husbandry
28:45 Iron Casting
28:59 Marauders
30:11 Plate Barding Armor
30:37 Blast Furnace
29:00 Elite Tarkan
31:21 Conscription
32:39 Fletching
34:27 Bodkin Arrow
35:06 Padded Archer Armor
35:26 Bracer
36:05 Caravan
38:30 Leather Archer Armor
38:36 Ballistics
39:17 Chemistry
39:12 Parthian Tactics
38:53 Thumb Ring
38:08 Heavy Cavalry Archer
41:54 Coinage
40:57 Light Cavalry
43:33 Light Cavalry
44:03 Hussar
Connection lost

Rejoining the realm…

Still unreachable

The connection could not be restored.

Session expired

The server has moved on; the page needs a fresh start.